 Dungeon Crawl Stone Soup version 0.21.1-1-g345015fe64 (webtiles) character file.

73 Ivernyr the Magician (level 4, 35/35 HPs)
             Began as a Draconian Wizard on May 3, 2018.
             Quit the game on level 3 of the Dungeon.
             The game lasted 00:14:53 (2627 turns).

Ivernyr the Magician (Draconian Wizard)             Turns: 2627, Time: 00:14:54

Health: 35/35      AC:  5    Str: 10    XL:     4   Next: 8%
Magic:  9/9        EV: 12    Int: 19    God:
Gold:   128        SH:  0    Dex: 13    Spells: 1/10 levels left

rFire    . . .     SeeInvis .   a - +0 trident
rCold    . . .     Gourm    .   (no shield)
rNeg     . . .     Faith    .   (armour unavailable)
rPois    .         Spirit   .   (helmet restricted)
rElec    .         Reflect  .   (no cloak)
rCorr    .         Harm     .   (no gloves)
MR       .....                  (no boots)
Stlth    ++........             (no amulet)
HPRegen  0.11/turn              l - +4 ring of dexterity
MPRegen  0.11/turn              (no ring)

@: no status effects
A: unfitting armour, cold-blooded, AC +5
a: no special abilities


You were on level 3 of the Dungeon.
You were not hungry.

You visited 1 branch of the dungeon, and saw 3 of its levels.

You collected 128 gold pieces.

Inventory:

Hand Weapons
 a - a +0 trident (weapon)
Missiles
 f - 7 silver javelins (quivered)
Jewellery
 l - a +4 ring of dexterity (left hand)
Scrolls
 d - 4 scrolls of identify {unknown}
 j - 2 scrolls of amnesia {unknown}
 p - 4 scrolls of remove curse {unknown}
 q - 2 scrolls of teleportation {unknown}
Potions
 e - a potion of degeneration {unknown}
 g - 2 potions of heal wounds {unknown}
 h - a potion of haste {unknown}
 i - a potion of brilliance {unknown}
 k - a potion of curing {unknown}
 n - a potion of lignification {unknown}
 o - 2 potions of cancellation {unknown}
Books
 b - a book of Minor Magic

   Spells                             Type                      Level
   a - Magic Dart                     Conjuration                  1
   b - Blink                          Translocation                2
   c - Call Imp                       Summoning                    2
   d - Slow                           Hexes                        2
   e - Conjure Flame                  Conjuration/Fire             3
   f - Mephitic Cloud                 Conjuration/Poison/Air       3
Comestibles
 c - 6 rations
 m - a chunk of flesh


   Skills:
 + Level 1.5 Fighting
 - Level 2.0 Dodging
 - Level 1.7 Stealth
 + Level 3.8 Spellcasting
 * Level 2.2 Conjurations
   Level 1.0 Summonings
 - Level 1.0 Translocations


You had one spell level left.
You knew the following spells:

 Your Spells              Type           Power        Failure   Level  Hunger
a - Magic Dart            Conj           ##..         5%          1    None
b - Blink                 Tloc           N/A          14%         2    ##.....
c - Conjure Flame         Conj/Fire      #.......     26%         3    ###....
d - Mephitic Cloud        Conj/Pois/Air  #.......     30%         3    ###....


Dungeon Overview and Level Annotations

Branches:
Dungeon (3/15)

Altars:
Elyvilon
Trog
Wu Jian

Annotations:
D:3 2 transporters


Innate Abilities, Weirdness & Mutations

Your plain brown scales are hard. (AC +5)
You cannot fit into any form of body armour.
You are cold-blooded and may be slowed by cold attacks.


Message History

The adder is severely wounded.
Casting: Magic Dart
Confirm with . or Enter, or press ? or * to list all spells.
Aiming: Magic Dart
Press: ? - help, Shift-Dir - straight line, f/p - adder
Aim: an adder (severely wounded)
The magic dart hits the adder.
The adder is almost dead.
Casting: Magic Dart
Confirm with . or Enter, or press ? or * to list all spells.
Aiming: Magic Dart
Press: ? - help, Shift-Dir - straight line, f/p - adder
Aim: an adder (almost dead)
The magic dart hits the adder.
You kill the adder!
You have reached level 4!
You feel stronger.
You start resting.
Magic restored.
Are you sure you want to abandon this character and quit the game? (Confirm with "yes".)

#######.# #........
#........ #........
#........ #..........
#.^.....>. #@..##...##
#####...#8...8
#.......##...#
#.########...# ## #.#
##...## #. #.# #8...8#
#. #.### ####...####
###.
#.#8###8##...##8###8#.
#.....................


There were no monsters in sight!

Vanquished Creatures
  4 adders
  2 worms
  2 bats
  3 giant cockroaches
  9 goblins
  3 hobgoblins
  A quokka (D:2)
  2 frilled lizards (D:2)
  4 kobolds
  2 rats (D:2)
32 creatures vanquished.

Notes
Turn   | Place    | Note
-------+----------+-------------------------------------------
     0 | D:1      | Ivernyr the Draconian Wizard began the quest for the Orb.
     0 | D:1      | Reached XP level 1. HP: 14/14 MP: 4/4
   571 | D:1      | Reached XP level 2. HP: 20/20 MP: 3/6
   575 | D:1      | Learned a level 2 spell: Blink
  1763 | D:2      | Reached XP level 3. HP: 27/27 MP: 1/8
  1927 | D:2      | Reached skill level 1 in Fighting
  2107 | D:2      | Found a bloodstained altar of Trog.
  2186 | D:3      | Found an ornate altar of the Wu Jian Council.
  2187 | D:3      | Found a white marble altar of Elyvilon.
  2191 | D:3      | Noticed a two-headed ogre
  2197 | D:3      | Noticed an ogre
  2198 | D:3      | Found a transporter.
  2205 | D:3      | Found a transporter.
  2289 | D:3      | Learned a level 3 spell: Conjure Flame
  2293 | D:3      | Learned a level 3 spell: Mephitic Cloud
  2576 | D:3      | Reached XP level 4. HP: 35/35 MP: 3/9
  2627 | D:3      | Quit the game

Skill      XL: |  1  2  3 |
---------------+----------+-----
Dodging        | 2 |  2.0
Fighting       | 1 |  1.5
Conjurations   | 2 |  2.2
Stealth        | |  1.7
Spellcasting   | |  3.8
Summonings     | |  1.0
Translocations | |  1.0

Action                   |  1- 3 |  4- 6 || total
-------------------------+-------+-------++-------
Melee: Unarmed           |    58 |       ||    58
       Tailslap          |     3 |       ||     3
Throw: Javelin           |     7 |       ||     7
 Cast: Magic Dart        |    89 |     1 ||    90
  Eat: Chunk             |     5 |       ||     5
Armor: Skin              |    25 |       ||    25
Dodge: Dodged            |    46 |       ||    46
